 Dungeon Sprint DCSS version 0.30-a0-1112-gfb780f5df6 (webtiles) character file.

Game seed: 7453394086243888806

114 sircluck the Cleaver (level 4, -5/45 (47) HPs)
             Began as a Hill Orc Berserker on Apr 19, 2023.
             Was a Priest of Trog.
             Killed from afar by a necromancer (18 damage)
             ... with a bolt of negative energy
             ... in the Dungeon (Sprint III: "The Ten Rune Challenge").
             The game lasted 00:01:05 (224 turns).

sircluck the Cleaver (Hill Orc Berserker)            Turns: 224, Time: 00:01:05

HP:   -5/45 (47)    AC:  2    Str: 21    XL:     4   Next: 98%
MP:   4/4           EV: 12    Int:  7    God:    Trog [***...]
Gold: 30            SH:  0    Dex: 10    Spells: 3/3 levels left

rFire   . . .      SeeInvis .    a - +0 hand axe
rCold   . . .      Faith    .    (no shield)
rNeg    . . .      Spirit   .    b - +0 animal skin
rPois   .          Reflect  .    (no helmet)
rElec   .          Rampage  .    (no cloak)
rCorr   .          NoTele   +    (no gloves)
Will    .....                    (no boots)
Stlth   +                        (no amulet)
HPRegen 0.27/turn                (no ring)
MPRegen 0.09/turn                (no ring)

@: lightly drained
A: no striking features
a: Renounce Religion, Berserk, Trog's Hand


You were in the Dungeon.
You worshipped Trog.
Trog was most pleased with you.
You visited 1 branch You collected 30 gold pieces.

Inventory:

Hand Weapons
 a - a +0 hand axe (weapon)
Armour
 b - a +0 animal skin (worn)
Scrolls
 h - a scroll of blinking
 i - 2 scrolls of immolation {unknown}
 j - 4 scrolls of identify
Potions
 c - a potion of curing
 d - a potion of heal wounds
 e - a potion of haste
 f - 2 potions of magic
 g - a potion of berserk rage
 k - 4 potions of flight


   Skills:
 + Level 7.6 Fighting
 + Level 8.8 Axes
 + Level 3.9 Armour
 + Level 3.1 Dodging


You had 3 spell levels left.
You didn't know any spells.
Your spell library was empty.

Dungeon Overview and Level Annotations

Branches:
Dungeon (1/1)

Altars:
Dithmenos
Ru
Yredelemnul


Message History

Your Fighting skill increases to level 7!
Your Axes skill increases to level 8!
Your Dodging skill increases to level 3!
You have reached level 4!
There is an open door to the Ecumenical Temple here.
You feel a strong urge to attack something.
There is a fountain of clear blue water here.
You feel your anger nearly subside.
You are no longer berserk.
You are exhausted.
You feel yourself slow down.
You start resting.
You feel yourself speed up.
You start resting.
You recover from your berserk rage.
You start resting.
HP restored.
You open the door.
A necrophage and a necromancer come into view.
The necromancer shouts!
Found a lead wand.
Found three altars.
You barely miss the necromancer. The necromancer casts a spell at you.
Your body is wracked with pain!
You hit the necromancer.
The necromancer is lightly wounded.
The necromancer hits you with a +0 dagger.
You miss the necromancer.
The necromancer is lightly wounded.
The necromancer hits you with a +0 dagger!
* * * LOW HITPOINT WARNING * * *
You hit the necromancer.
The necromancer is moderately wounded.
The necromancer mumbles some strange words.
The necromancer binds the souls of nearby monsters.
You hit the necromancer.
You punch the necromancer, but do no damage.
The necromancer is heavily wounded.
The necromancer gestures at you while chanting.
The bolt of negative energy hits you!!
You feel drained.
You die...

▓▓▓ # ##.# ####
#####..# #__#
.#!!#..# #n_
.#..#..###+#+###p##
.##'#..#........@.#
.###...'.⌠........#
####...#...######+#
###....#.⌠.#
##.....#...#
#......#+###
.#.....# ###....#
▓▓▓▓▓▓


You could see a necromancer and a necrophage.

Vanquished Creatures
  A water elemental (D)
  Jessica (D)
  A human (D)
  A phantom (D)
  An endoplasm (D)
  2 rats (D)
7 creatures vanquished.

Notes
Turn   | Place    | Note
-------+----------+-------------------------------------------
     0 | D        | sircluck the Hill Orc Berserker began the quest for the
                  | Orb.
     0 | D        | Reached XP level 1. HP: 19/19 MP: 1/1
    30 | D        | Noticed Jessica
    34 | D        | Killed Jessica
    34 | D        | Reached ** piety under Trog
    35 | D        | Reached skill level 5 in Fighting
    35 | D        | Reached skill level 6 in Axes
    35 | D        | Reached XP level 2. HP: 30/30 MP: 2/2
    35 | D        | Reached XP level 3. HP: 37/37 MP: 3/3
   109 | D        | Reached skill level 7 in Axes
   143 | D        | Noticed a water elemental
   148 | D        | Killed a water elemental
   148 | D        | Reached *** piety under Trog
   149 | D        | Reached skill level 8 in Axes
   149 | D        | Reached XP level 4. HP: 39/47 MP: 4/4
   219 | D        | Found a basalt altar of Yredelemnul.
   219 | D        | Found a shadowy altar of Dithmenos.
   219 | D        | Found a sacrificial altar of Ru.
   219 | D        | Noticed a necrophage
   224 | D        | Killed from afar by a necromancer

Illustrated notes

Levels and vault maps discovered:
D:        dungeon_sprint_mu [sprint_mu_entry_cave, sprint_mu_temple_rooms,
          sprint_mu_d1_spiders, sprint_mu_d2_genie, sprint_mu_d3_branching,
          sprint_mu_orc_legion, sprint_mu_elf_gauntlet, sprint_mu_hive_nellie,
          sprint_mu_lair_fedhas, sprint_mu_vaults_butterflies,
          sprint_mu_slime_circle, sprint_mu_swamp_cave, sprint_mu_shoals_kraken,
          sprint_mu_blade_basic, sprint_mu_crypt_chambers,
          sprint_mu_tomb_spiral, sprint_mu_vestibule_basic,
          sprint_mu_gehenna_hellfire, sprint_mu_dis_giant,
          sprint_mu_tartarus_statrot, sprint_mu_cocytus_islands, sprint_mu_zot1]

Skill      XL: |  1  2  3 |
---------------+----------+-----
Fighting       | 5 7 |  7.6
Axes           | 6 8 |  8.8
Armour         | 3 |  3.9
Dodging        | 2 3 |  3.1

Action                     |  1- 3 |  4- 6 || total
---------------------------+-------+-------++-------
  Melee: Hand axe          |    20 |     5 ||    25
         Punch             |       |     1 ||     1
 Invoke: Berserk           |     3 |       ||     3
 Armour: Animal skin       |     1 |       ||     1
  Dodge: Dodged            |     7 |       ||     7

Table legend: (Time is in decaauts)
 A = Elapsed time spent in this place.
 B = Non-inter-level travel time spent in this place.
 C = Inter-level travel time spent in this place.
 D = Time resting spent in this place.
 E = Time spent auto-exploring this place.
 F = Levels seen in this place.
 G = Mean time per level.
                   A        B        C        D        E       F      G
               +--------+--------+--------+--------+--------+-----+--------+
         Total |    251 |    243 |      8 |    112 |     37 |   1 |  251.0 |
       Dungeon |    251 |    243 |      8 |    112 |     37 |   1 |  251.0 |
               +--------+--------+--------+--------+--------+-----+--------+

Top non-repeatable levels by time:
       D: 251 daAuts
